Map: Blackpink LE

Players

WarMan

  • Race: Terran Terran
  • League: Diamond
  • Spawn Location: 7:00

Spawn - Winner!

  • Race: Zerg Zerg
  • League: Platinum
  • Spawn Location: 1:00

VOD

Have the link to the VOD?

Description

My zerg got promoted to diamond for the first time ever in this game. I feel like I took way more damage than I should have despite still winning maybe because I was trying to rush those ultras too fast ?

Time

  • Played on: Jan. 16, 2018, 2:49 p.m.
  • Length: 14:23
Show
View Real Time Build Order
Export as new Build Order

WarMan Terran 

Build Orders:  

Get SALT Encoding   

  12  0:01  SCV  
  13  0:13  SCV  
  14  0:19  Supply Depot  
  14  0:25  SCV  
  15  0:32  Refinery  
  15  0:40  SCV  
  16  0:46  Barracks  
  16  0:52  SCV  
  17  1:05  SCV  
  18  1:17  SCV  
  19  1:33  Orbital Command  
  19  1:36  Barracks Reactor  
  19  1:46  Command Center  
  19  1:56  Supply Depot  
  19  1:59  SCV  
  20  2:04  Barracks  
  20  2:11  SCV  
  20  2:12  Marine  
  20  2:13  Marine  
  23  2:22  Bunker  
  23  2:24  SCV  
  24  2:31  Refinery  
  24  2:32  Marine  
  24  2:36  SCV  
  26  2:45  Marine  
  26  2:50  Marine  
  28  2:55  SCV  
  28  2:56  Supply Depot  
  28  2:57  Barracks Tech Lab  
  29  3:03  Marine  
  29  3:05  Orbital Command  
  30  3:07  SCV  
  30  3:08  Marine  
  32  3:14  Factory  
  33  3:20  SCV, Marine  
  34  3:27  Marine x2  
  34  3:30  Stimpack  
  34  3:31  SCV  
  34  3:33  SCV  
  38  3:38  Marine  
  39  3:43  SCV  
  39  3:45  SCV  
  41  3:49  Marine  
  41  3:50  Supply Depot  
  41  3:55  SCV  
  43  3:57  SCV  
  43  3:59  Starport  
  43  4:00  Factory Reactor  
  44  4:03  Marine  
  44  4:05  Marine  
  44  4:07  SCV  
  44  4:09  SCV  
  48  4:12  Supply Depot  
  48  4:15  Marine  
  49  4:19  SCV  
  49  4:21  SCV  
  51  4:31  SCV  
  51  4:34  SCV, Marine x3  
  56  4:44  SCV, Medivac x2  
  61  4:46  SCV  
  61  4:50  Engineering Bay  
  61  4:51  Engineering Bay  
  62  4:53  Marine  
  62  4:54  Marine  
  62  4:55  Supply Depot  
  62  4:56  SCV, Supply Depot, Marine  
  62  4:58  SCV  
  67  5:05  Barracks  
  67  5:08  SCV  
  67  5:10  SCV  
  67  5:11  Marine  
  70  5:16  Supply Depot, Marine  
  70  5:17  Supply Depot  
  70  5:18  Terran Infantry Weapons Level 1  
  70  5:19  Terran Infantry Armor Level 1  
  71  5:25  Marine  
  71  5:26  SCV x2  
  74  5:28  Refinery  
  74  5:29  Marine  
  75  5:41  Command Center  
  75  5:43  SCV, Armory  
  75  5:45  SCV  
  75  5:49  Refinery  
  65  6:24  Marine x2  
  65  6:25  Marine  
  66  6:38  SCV x2  
  69  6:41  Barracks Reactor  
  69  6:42  Marine x2  
  69  6:44  Marine  
  69  6:46  Barracks  
  71  6:47  Barracks  
  71  6:49  Barracks  
  71  6:52  Factory Reactor  
  71  6:53  Medivac x2  
  75  7:00  Marine x2  
  77  7:02  Marauder  
  77  7:06  SCV x2  
  81  7:09  Supply Depot  
  81  7:14  Supply Depot  
  81  7:15  Terran Infantry Armor Level 2, Terran Infantry Weapons Level 2  
  81  7:17  Marine x3  
  81  7:18  Marine  
  85  7:23  Marine  
  85  7:25  Medivac  
  85  7:27  SCV  
  85  7:28  SCV  
  90  7:35  Marine x2  
  92  7:38  Planetary Fortress  
  92  7:42  Marauder  
  92  7:44  SCV  
  95  7:48  Marine x2  
  95  7:49  Marine  
  95  7:51  Barracks Reactor  
  99  7:54  Marine x2  
  99  7:57  Barracks Reactor  
  100  8:02  Marine  
  92  8:06  Marine x2  
  87  8:36  Marine x3  
  87  8:37  Barracks Tech Lab, Marine x2  
  87  8:38  Marauder, Marine x3  
  97  8:42  SCV  
  98  8:48  Medivac x2, Command Center  
  98  8:49  Command Center  
  98  8:54  Marine x3  
  98  8:55  Marine x3  
  106  8:56  Marine x2  
  106  9:00  Marauder  
  112  9:09  Marine  
  112  9:11  Marine  
  112  9:12  Marine x2  
  112  9:13  Marine x3  
  119  9:17  Marine x2  
  119  9:18  Medivac x2  
  119  9:21  Marauder  
  125  9:28  Marauder  
  112  9:31  Marine x2  
  112  9:32  Marine x4  
  112  9:35  Marine  
  112  9:37  Supply Depot x3  
  119  9:39  Marine  
  119  9:42  Terran Infantry Armor Level 3, Marauder  
  119  9:43  Barracks x2  
  122  9:49  Marauder, Marine x3  
  127  9:58  Marine x2  
  127  9:59  Marine x3  
  130  10:04  Marauder  
  129  10:07  Marine x3  
  129  10:11  Medivac x2, Marauder  
  130  10:16  Marine x4  
  130  10:17  Marine  
  130  10:25  Marauder, Marine x3  
  135  10:32  Marauder  
  135  10:34  Marine x4  
  141  10:39  Marine  
  141  10:41  Medivac  
  144  10:43  Marine x2  
  144  10:47  Marauder  
  143  10:52  Orbital Command x2  
  143  10:53  SCV x2, Marauder  
  143  10:54  SCV  
  140  11:02  Medivac, Marine  
  143  11:05  SCV  
  143  11:08  Marauder  
  136  11:11  Medivac  
  136  11:13  Marine x5  
  136  11:14  Marine x2  
  136  11:15  Marauder  
  136  11:17  SCV x2  
  136  11:18  SCV, Missile Turret x2  
  146  11:19  SCV x2  
  146  11:20  Marine  
  147  11:29  SCV, Marauder  
  147  11:31  Marine  
  143  11:36  Marauder  
  139  11:41  Medivac  
  139  11:42  Liberator  
  141  11:51  Marauder  
  141  11:54  Liberator  
  143  11:56  Marine x3  
  143  11:57  Marauder, Marine x2  
  143  12:01  Marine x3  
  155  12:04  Supply Depot x2  
  155  12:05  Barracks Tech Lab, Supply Depot  
  155  12:06  Command Center  
  156  12:12  Marauder  
  161  12:19  Marauder  
  155  13:00  Marine x6  
  155  13:01  Barracks Tech Lab, Marauder, Marine x3  
  155  13:02  Marauder  
  160  13:17  Marine  
  160  13:18  Marine x4  
  155  13:20  Marauder  
  155  13:22  Marauder  
  155  13:23  Marauder  
  155  13:24  Marauder, Marine x3  
  164  13:30  Barracks  
  164  13:31  Barracks x2, Concussive Shells  
  164  13:35  Marine  
  167  13:41  Marauder  
  167  13:44  Marauder  
  167  13:45  Marauder x2  
Show
View Real Time Build Order
Export as new Build Order

Spawn Zerg - Winner!

Build Orders: Hatch First 

Get SALT Encoding   

  12  0:01  Drone  
  13  0:12  Overlord  
  13  0:17  Drone  
  14  0:32  Drone x2  
  16  0:37  Drone  
  17  0:55  Hatchery  
  16  0:57  Drone  
  16  1:02  Extractor  
  16  1:03  Drone  
  17  1:18  Spawning Pool  
  17  1:20  Drone  
  18  1:25  Drone  
  18  1:30  Drone  
  19  1:40  Overlord  
  19  2:05  Queen  
  19  2:06  Metabolic Boost  
  19  2:08  Zergling x4  
  23  2:11  Queen  
  26  2:15  Drone  
  26  2:18  Drone  
  26  2:22  Drone  
  28  2:28  Overlord  
  28  2:37  Drone  
  28  2:39  Overlord  
  29  3:03  Hatchery, Drone x2  
  29  3:04  Drone  
  31  3:09  Pneumatized Carapace  
  31  3:22  Drone x2  
  31  3:23  Drone x3  
  36  3:29  Drone x2  
  36  3:33  Overlord  
  38  3:35  Drone  
  38  3:38  Drone  
  38  3:40  Drone  
  41  3:43  Overlord  
  41  3:59  Zergling x8  
  41  4:00  Zergling x6  
  48  4:05  Baneling Nest  
  47  4:11  Drone x2  
  47  4:13  Queen  
  51  4:18  Extractor  
  50  4:29  Drone  
  50  4:30  Drone x6  
  57  4:45  Overlord x2  
  57  4:46  Overlord  
  57  4:51  Baneling x4  
  57  4:52  Baneling  
  57  4:59  Zergling x2  
  58  5:03  Queen x2  
  58  5:04  Zergling x12  
  68  5:11  Evolution Chamber  
  68  5:14  Evolution Chamber  
  66  5:15  Drone  
  66  5:16  Drone x7  
  74  5:35  Overlord x3  
  74  5:36  Zergling x8  
  74  5:40  Drone x2  
  80  5:45  Baneling x2  
  80  5:51  Extractor  
  80  5:52  Extractor  
  80  5:53  Lair  
  80  5:55  Zerg Melee Weapons Level 1  
  63  6:26  Drone  
  63  6:27  Drone x17  
  80  6:34  Zerg Ground Armor Level 1  
  80  6:38  Drone x3  
  83  6:44  Queen  
  85  6:48  Extractor x2  
  83  6:59  Drone  
  83  7:00  Drone x2  
  83  7:01  Drone x3  
  89  7:07  Zergling x8  
  93  7:10  Centrifical Hooks  
  93  7:16  Infestation Pit  
  93  7:21  Hatchery  
  91  7:32  Baneling x2  
  91  7:33  Baneling x7  
  91  7:34  Zergling x16  
  91  7:35  Zergling x4  
  101  7:42  Drone x2  
  101  7:43  Drone x2  
  105  7:46  Hatchery, Drone  
  105  7:49  Spore Crawler  
  92  8:21  Overlord x2  
  92  8:22  Overlord  
  92  8:25  Hive  
  92  8:26  Zerg Melee Weapons Level 2  
  92  8:28  Infestor x4  
  100  8:44  Queen  
  100  8:47  Drone x3  
  100  8:48  Drone x3  
  108  9:00  Baneling x4  
  108  9:02  Queen  
  110  9:03  Zerg Ground Armor Level 2  
  110  9:09  Hatchery  
  109  9:15  Pathogen Glands, Zergling x2  
  109  9:16  Zergling x4  
  112  9:22  Zergling x2  
  112  9:23  Zergling x46  
  127  9:36  Zergling x6  
  125  10:09  Ultralisk Cavern  
  125  10:13  Adrenal Glands  
  115  10:25  Extractor  
  114  10:43  Zergling x30  
  114  10:44  Zergling x14  
  122  10:52  Baneling x2  
  122  10:53  Baneling x3  
  122  10:56  Chitinous Plating  
  119  10:58  Zerg Melee Weapons Level 3  
  115  11:17  Hatchery  
  104  11:45  Ultralisk x4  
  128  11:48  Overlord x5  
  128  11:49  Overlord  
  128  11:51  Hatchery  
  128  11:52  Hatchery, Baneling x5  
  126  12:02  Baneling x5  
  126  12:09  Overlord x2  
  126  12:11  Ultralisk x6  
  154  12:55  Zergling x2  
  154  12:56  Zergling x6  
  154  12:58  Ultralisk x3  
  158  13:28  Zergling x2  
  158  13:29  Zergling x20  
  164  13:36  Baneling x7  
  164  13:37  Baneling  
  164  13:42  Drone, Spire  
  164  13:43  Drone  
  149  13:57  Hatchery  
Tags
 
Add a new tag
Caveats
  • Supply blocks, unpowered buildings, or Contaminate may cause inaccurate times.
  • Supply counts are checked every 10 seconds.